 Dungeon Crawl Stone Soup version 0.27-a0-1202-ge72e49191c (webtiles) character file.

Game seed: 10917404479793450574

84 Delamore the Skirmisher (level 4, -4/37 HPs)
             Began as a Formicid Fighter on June 4, 2021.
             Was a Believer of Uskayaw.
             Killed by divine providence
             ... invoked by an orc priest
              (12 damage)
             ... on level 3 of the Dungeon.
             The game lasted 00:02:00 (1981 turns).

Delamore the Skirmisher (Formicid Fighter)          Turns: 1981, Time: 00:02:01

Health: -4/37      AC:  6    Str: 21    XL:     4   Next: 74%
Magic:  4/4        EV:  8    Int:  8    God:    Uskayaw [**....]
Gold:   69         SH: 10    Dex: 10    Spells: 3/3 levels left

rFire    . . .     SeeInvis +   a - +1 trident
rCold    + . .     Faith    .   c - +1 kite shield
rNeg     . . .     Spirit   .   b - +0 scale mail
rPois    .         Reflect  .   (helmet unavailable)
rElec    .         Harm     .   (no cloak)
rCorr    .         Rampage  .   (no gloves)
Will     .....                  (no boots)
Stlth    ..........             (no amulet)
HPRegen  0.12/turn              e - ring of protection from cold
MPRegen  0.09/turn              (no ring)

@: no status effects
A: permanent stasis, dig shafts and tunnels, antennae 3, four strong arms
a: Dig, Shaft Self, Renounce Religion, Stomp, Line Pass


You were on level 3 of the Dungeon.
You worshipped Uskayaw.
Uskayaw was noncommittal.
You visited 1 branch of the dungeon, and saw 3 of its levels.

You collected 69 gold pieces.

Inventory:

Hand Weapons
 a - a +1 trident (weapon)
Missiles
 j - 15 poisoned darts
Armour
 b - a +0 scale mail (worn)
 c - a +1 kite shield (worn)
Jewellery
 e - a ring of protection from cold (left hand)
Scrolls
 f - a scroll of identify
Potions
 d - 2 potions of might
 g - a potion of degeneration {unknown}
 h - a potion of mutation {unknown}
 i - a potion of curing


   Skills:
 + Level 4.2 Fighting
 * Level 3.9 Polearms
 - Level 3.2 Armour
 - Level 3.6 Shields


You had 3 spell levels left.
You didn't know any spells.
Your spell library contained the following spells:

 Spells                   Type           Power      Damage    Failure   Level
 Animate Skeleton         Necr           0%         N/A       98%         1
 Pain                     Necr           0%         1d4       98%         1
 Vampiric Draining        Necr           0%         2d6       100%        3
 Animate Dead             Necr           0%         N/A       100%        4
 Agony                    Necr           0%         N/A       100%        5


Dungeon Overview and Level Annotations

Branches:
Dungeon (3/15)

Altars:
Uskayaw

Shops:
D:2 *


Innate Abilities, Weirdness & Mutations

You cannot be hasted, slowed, berserked, paralysed or teleported.
You can dig through walls and to a lower floor.
You have a pair of large antennae on your head. (SInv)
Your four strong arms can wield two-handed weapons with a shield.


Message History

You can now pass through a line of other dancers.
You closely miss the orc.
The orc is heavily wounded.
You block the orc's attack.
An orc priest comes into view. It is wielding a +0 flail.
An orc comes into view. It is wielding a +0 club.
The orc shouts!
You puncture the orc!
You kill the orc!
The orc priest looks encouraged for a moment.
You reach to attack!
You hit the orc but do no damage. You barely miss the orc.
The orc hits you but does no damage.
The orc priest mumbles some strange prayers to Beogh against you.
Beogh smites you! You block the orc's attack.
You hit the orc.
The orc is moderately wounded.
You block the orc's attack.
You hit the orc.
The orc is severely wounded.
The orc priest hits you but does no damage.
You block the orc's attack. The orc priest barely misses you.
You closely miss the orc.
The orc is severely wounded.
The orc hits you but does no damage.
The orc priest calls down the wrath of Beogh upon you.
Beogh smites you!
You are too injured to fight recklessly!
There are monsters nearby!
You are too injured to fight recklessly!
You closely miss the orc priest. The orc hits you but does no damage.
The orc priest calls upon Beogh to heal the orc.
The orc's wounds heal themselves!
You block the orc's attack. You block the orc priest's attack.
You barely miss the orc priest.
The orc priest hits you with a +0 flail.
* * * LOW HITPOINT WARNING * * *
You block the orc's attack.
The orc priest calls down the wrath of Beogh upon you.
Beogh smites you!
You die...

##########.#...>#########.
#...#....).......
###....###....... #####
##.#.# #..##### ....##
#.#.###..#### {{
#...####.#.........# #....
...#.###[.##.#
#..o#####...##..# #
#.o@...........#
#)######...###.# ...
##.####.# #### #......#
#.###### #.# #.# #.# #..


You could see an orc priest and an orc.

Vanquished Creatures
  3 adders (D:2)
  5 dart slugs
  2 orcs (D:3)
  6 endoplasms
  A giant cockroach (D:2)
  5 goblins
  3 hobgoblins
  2 jackals (D:3)
  A quokka (D:1)
  4 ball pythons
  3 bats
  A frilled lizard (D:2)
  3 kobolds (D:1)
  5 rats
44 creatures vanquished.

Notes
Turn   | Place    | Note
-------+----------+-------------------------------------------
     0 | D:1      | Delamore the Formicid Fighter began the quest for the Orb.
     0 | D:1      | Reached XP level 1. HP: 18/18 MP: 1/1
     2 | D:1      | Noticed a gargoyle
     2 | D:1      | Noticed a vine stalker
     4 | D:1      | Noticed a spriggan
     4 | D:1      | Noticed a centaur
    10 | D:1      | Noticed a human
    10 | D:1      | Noticed a vampire
    12 | D:1      | Noticed a tengu
    14 | D:1      | Noticed a demonspawn
    14 | D:1      | Noticed a barachi
    16 | D:1      | Noticed an elf
    16 | D:1      | Noticed a felid
    18 | D:1      | Noticed a merfolk
    18 | D:1      | Noticed a troll
    20 | D:1      | Noticed a dwarf
    20 | D:1      | Noticed a demigod
    22 | D:1      | Noticed a draconian
    22 | D:1      | Noticed a ghoul
    24 | D:1      | Noticed a palentonga
    24 | D:1      | Noticed a naga
    34 | D:1      | Noticed an octopode
    36 | D:1      | Noticed a formicid
    36 | D:1      | Noticed a minotaur
    38 | D:1      | Noticed an ogre
   136 | D:1      | Reached XP level 2. HP: 19/24 MP: 2/2
   465 | D:1      | Found a faded altar of an unknown god.
   529 | D:1      | Became a worshipper of Uskayaw the Reveller
   529 | D:1      | Reached * piety under Uskayaw
   607 | D:1      | Reached ** piety under Uskayaw
   657 | D:1      | Reached XP level 3. HP: 19/30 MP: 3/3
  1328 | D:2      | Reached skill level 4 in Fighting
  1328 | D:2      | Reached XP level 4. HP: 37/37 MP: 4/4
  1669 | D:2      | Found Nibb's General Store.
  1981 | D:3      | Killed from afar by an orc priest

Illustrated notes

Levels and vault maps discovered:
D:1:      kb_arrival_jail, layout_loops_ring, chequers_ecumenical_altar_island,
          st_stairs_11, minivault_5
D:2:      layout_loops_corners, serial_shops, nicolae_shop_behind_doors
D:3:      layout_loops_ring, serial_shops, shop

Skill      XL: |  1  2  3 |
---------------+----------+-----
Polearms       | 3 |  3.9
Fighting       | 4 |  4.2
Armour         | |  3.2
Shields        | |  3.6

Action                   |  1- 3 |  4- 6 || total
-------------------------+-------+-------++-------
Melee: Trident           |    80 |    40 ||   120
  Use: Scroll            |     5 |     2 ||     7
Armor: Scale mail        |    27 |     8 ||    35
Dodge: Dodged            |    19 |     5 ||    24
Block: Kite shield       |    30 |    18 ||    48

Table legend: (Time is in decaauts)
 A = Elapsed time spent in this place.
 B = Non-inter-level travel time spent in this place.
 C = Inter-level travel time spent in this place.
 D = Time resting spent in this place.
 E = Time spent auto-exploring this place.
 F = Levels seen in this place.
 G = Mean time per level.
                   A        B        C        D        E       F      G
               +--------+--------+--------+--------+--------+-----+--------+
         Total |   2027 |   1951 |     76 |      0 |   1642 |   3 |  675.7 |
       Dungeon |   2027 |   1951 |     76 |      0 |   1642 |   3 |  675.7 |
               +--------+--------+--------+--------+--------+-----+--------+

Top non-repeatable levels by time:
     D:1: 1137 daAuts
     D:2: 811 daAuts
     D:3: 79 daAuts
